 Dungeon Crawl Stone Soup version 0.29.0-13-gc9e81de378 (webtiles) character file.

Game seed: 8177286249924392160

18645 unlimited1921 the Thaumaturge (level 12, -15/71 HPs)
             Began as a Djinni Fire Elementalist on Sept 9, 2022.
             Was an Initiate of Gozag.
             Demolished by Fannar
             ... wielding a +0 quarterstaff of freezing
              (54 damage)
             ... on level 2 of the Lair of Beasts.
             The game lasted 01:31:16 (24256 turns).

unlimited1921 the Thaumaturge (DjFE)               Turns: 24256, Time: 01:31:16

Health: -15/71     AC:  5    Str:  7    XL:     12   Next: 97%
Gold:   1015       EV: 12    Int: 26    God:    Gozag SH: 16 Dex: 22

rFire   + + .      SeeInvis .   C - +3 trident (venom)
rCold   x . .      Faith    .   D - +0 kite shield
rNeg    . . .      Spirit   .   q - +2 robe {Archmagi}
rPois   ∞          Reflect  +   (no helmet)
rElec   .          Harm     .   x - +0 cloak
rCorr   .          Rampage  .   (no gloves)
Will    +....      Archmagi +   (boots unavailable)
Stlth   +++.......              u - amulet of reflection
HPRegen 0.21/turn               d - +6 ring of intelligence
MPRegen 0.00/turn               F - +6 ring of dexterity

@: flying
A: sickness immunity, fire resistance 2, cold vulnerability 1, float, innate
caster, HP casting, extra vitality 1
a: Renounce Religion, Potion Petition, Call Merchant, Bribe Branch


You were on level 2 of the Lair of Beasts.
You worshipped Gozag.
Gozag was most pleased with you.
You visited 3 branches of the dungeon, and saw 13 of its levels.

You collected 2286 gold pieces.
You spent 1126 gold pieces at shops.
You paid 145 gold pieces to Gozag.

Inventory:

Hand Weapons
 g - a +0 short sword of freezing
 w - a +0 war axe of electrocution
 C - a +3 trident of venom (weapon)
 V - a +2 long sword of draining
 W - a +4 battleaxe of freezing
Missiles
 h - 84 stones
 o - 6 atropa-tipped darts
 p - 6 javelins
 N - 3 silver boomerangs
 Y - a curare-tipped dart
 Z - 7 poisoned darts
Armour
 q - a +2 robe of the Archmagi (worn)
 s - the +0 robe "Quaseq" {rPois Dex+4}
   (You found it on level 4 of the Dungeon)

   Dex:       It affects your dexterity (+4).
   rPois:     It protects you from poison.
 t - a +2 ring mail of fire resistance
 x - a +0 cloak (worn)
 z - a +2 leather armour of cold resistance
 D - a +0 kite shield (worn)
Jewellery
 c - a ring of see invisible
 d - a +6 ring of intelligence (left hand)
 u - an amulet of reflection (around neck)
 F - a +6 ring of dexterity (right hand)
Wands
 G - a wand of mindburst (11)
 I - a wand of digging (3)
 P - a wand of roots (12) (quivered)
 Q - a wand of charming (3)
Scrolls
 b - 3 scrolls of fear
 j - 5 scrolls of teleportation
 l - 5 scrolls of noise {unknown}
 r - a scroll of poison
 A - 2 scrolls of enchant armour
 B - 4 scrolls of fog
 E - 3 scrolls of blinking
 L - 4 scrolls of enchant weapon
 T - 3 scrolls of magic mapping
 U - a scroll of immolation
Potions
 f - 6 potions of brilliance {unknown}
 i - 3 potions of might
 k - 3 potions of lignification
 m - a potion of resistance
 n - 5 potions of curing
 H - 5 potions of heal wounds
 J - 2 potions of invisibility
 K - 2 potions of ambrosia
 M - 2 potions of cancellation
 O - a potion of mutation
 R - 3 potions of haste
Miscellaneous
 S - a condenser vane
 X - a lightning rod (4/4)


   Skills:
 + Level 0.8 Fighting
 + Level 0.5 Polearms
 + Level 4.8 Armour
 + Level 3.6 Dodging
 + Level 4.6 Stealth
 + Level 5.9 Shields
 + Level 13.4 Spellcasting
 * Level 5.3 Evocations


You had 10 spell levels left.
You knew the following spells:

 Your Spells              Type           Power      Damage    Failure   Level
a - Foxfire               Conj/Fire      100%       2x1d9     1%          1
b - Scorch                Fire           100%       2d10      1%          2
c - Conjure Flame         Conj/Fire      92%        6-21      1%          3
d - Inner Flame           Hex/Fire       92%        N/A       1%          3
e - Flame Wave            Conj/Fire      92%        2d19      1%          4
f - Apportation           Tloc           100%       N/A       1%          1
g - Call Imp              Summ           92%        N/A       1%          2
h - Summon Guardian Gole  Hex/Summ       92%        N/A       1%          3
i - Iskenderun's Mystic   Conj/Tloc      92%        2d18      1%          4
j - Corpse Rot            Necr/Pois/Air  92%        N/A       1%          4
Your spell library was empty.

Dungeon Overview and Level Annotations

Branches:
Dungeon (10/15)            Temple (1/1) D:6            Lair (2/5) D:10
    Orc (0/2) D:10
  Swamp: Lair:2-3    Shoals: Lair:2-3     Snake: Lair:2-3    Spider: Lair:2-3

Altars:
Ashenzari
Cheibriados
Dithmenos
Elyvilon
Fedhas
Gozag
Hepliaklqana
Makhleb
Nemelex Xobeh
Okawaru
Qazlal
Ru
Trog
Uskayaw
Wu Jian
Yredelemnul
Zin
The Shining One

Shops:
D:2 ?   D:7 ?*(*   D:9 !

Portals:
Trove: D:10 (give 8 potions of haste)

Annotations:
D:4 2 transporters, VictoriousLee's ghost, novice FoHu
Temple 4 transporters
Lair:2 Fannar


Innate Abilities, Weirdness & Mutations

You are immune to sickness and miasma.
You are immune to poison.
Your flesh is very heat resistant. (rF++)
You are vulnerable to cold. (rC-)
You float through the air rather than walking.
You learn spells naturally, not from books.
Your magical power is your life essence.
You have superior vitality. (+4 MHP)


Message History

You start resting.
Your foxfire dissipates!
You start resting.
Your foxfire dissipates! x2
You start resting.
Your foxfire dissipates!
You start resting.
HP restored.
Found 3 gold pieces.
Found 8 gold pieces.
Found 4 gold pieces.
You see here a +0 hand axe.
Found 4 gold pieces.
You now have 1007 gold pieces (gained 9).
You see here a +0 hand axe.
You now have 1011 gold pieces (gained 4).
You now have 1015 gold pieces (gained 4).
There is a stone staircase leading up here.
Fannar shouts!
There is a stone staircase leading up here.
Press: ? - help, v - describe, . - travel
Here: Fannar, wielding a +0 quarterstaff of freezing, wearing a +1 robe of cold resistance and wearing a ring of ice The floor.
Casting: Foxfire (safe; 1% risk of failure)
Confirm with . or Enter, or press ? or * to list all spells.
You feel a surge of power!
A guardian golem appears, shielding your allies.
You swap places.
Casting: Summon Guardian Golem (safe; 1% risk of failure)
Confirm with . or Enter, or press ? or * to list all spells.
You feel a surge of power!
A beastly little devil appears in a puff of frigid air.
Fannar points at you and mumbles some strange words.
The bolt of cold hits you!!
You feel a terrible chill!
Fannar casts a spell.
Fannar drains the heat from the surrounding environment!
You feel a terrible chill!
Ouch! That really hurt!
You die...
Your body crumbles into a pile of gold.

$
####........
.....#..... $
..........
#...$$....
#.........
#.5..####.
#.9e......
##...####.#
#@..## #..)#
$ #..)#
#....#
...........
..$.<.$..#♣.♣
..$.$.....# ♣
..........#
..$.......#


You could see Fannar (ally target), a friendly guardian golem (summoned) and a
friendly white imp (summoned, sheltered).

Vanquished Creatures
  A hydra (Lair:1)
  A boulder beetle (Lair:1)
  A catoblepas (Lair:1)
  A two-headed ogre (D:10)
  A cyclops (D:8)
  2 ugly things (D:8)
  5 elephants (Lair:1)
  3 cane toads (Lair:1)
  4 komodo dragons (Lair:1)
  A troll (D:9)
  Grinder (D:6)
  Prince Ribbit (D:5)
  8 blink frogs
  A wraith (D:8)
  A shadow (D:9)
  15 yaks
  2 steam dragons
  A basilisk (Lair:2)
  A human (D:10)
  3 wargs (D:10)
  2 nagas (Lair:2)
  2 acid dragons
  3 water moccasins
  Duvessa (D:5)
  4 orc warriors
  A sky beast (D:8)
  2 black bears
  2 ice beasts
  An ogre (D:5)
  3 centaurs
  A phantom (D:4)
  2 kobold brigands (D:10)
  Blork the orc (D:5)
  8 bullfrogs
  2 gnoll sergeants
  3 scorpions
  5 wights (D:9)
  Dowan (D:5)
  9 killer bees (D:10)
  A howler monkey (D:7)
  A human zombie (D:10)
  2 jellies (D:7)
  6 orc priests
  2 hounds (D:6)
  A gnoll bouda (D:9)
  8 iguanas
  7 orc wizards
  12 gnolls
  8 adders
  A white imp (D:6)
  2 ufetubi (D:5)
  A worm (D:2)
  3 dart slugs
  28 orcs
  10 ball pythons
  6 endoplasms
  5 giant cockroaches
  6 goblins
  6 hobgoblins
  2 jackals (D:1)
  4 quokkas
  11 bats
  4 frilled lizards
  13 kobolds
  A kobold zombie (D:10)
  4 rats
262 creatures vanquished.

Vanquished Creatures (collateral kills)
  An ugly thing (D:8)
  An elephant (Lair:1)
  A troll (D:10)
  A foxfire (Lair:2)
4 creatures vanquished.

Vanquished Creatures (others)
  A komodo dragon (Lair:1)
  3 killer bees (D:10)
  A bush (Lair:1)
  732 foxfires
  20 fungi
  53 plants
  7 toadstools (D:1)
817 creatures vanquished.

Grand Total: 1083 creatures vanquished

Notes
Turn   | Place    | Note
-------+----------+-------------------------------------------
     0 | D:1      | unlimited1921 the Djinni Fire Elementalist began the quest
                  | for the Orb.
     0 | D:1      | unlimited1921 set off with the following spells memorised:
                  | Foxfire, Scorch, Conjure Flame, Inner Flame, Flame Wave.
     0 | D:1      | Reached XP level 1. HP: 15/15 MP: 0/0
   418 | D:1      | Reached XP level 2. HP: 15/21 MP: 0/0
   670 | D:1      | Reached skill level 3 in Spellcasting
  1338 | D:1      | Reached XP level 3. HP: 20/25 MP: 0/0
  1338 | D:1      | Learned a level 1 spell: Apportation
  2706 | D:2      | Found Vabin's Magic Scroll Boutique.
  2712 | D:2      | Bought a scroll of identify for 28 gold pieces
  3108 | D:2      | Reached XP level 4. HP: 24/31 MP: 0/0
  4654 | D:3      | Found an ornate altar of the Wu Jian Council.
  4819 | D:3      | Found a glowing silver altar of Zin.
  5977 | D:4      | Noticed a phantom
  5983 | D:4      | Killed a phantom
  5984 | D:4      | Reached skill level 4 in Spellcasting
  5984 | D:4      | Reached XP level 5. HP: 29/35 MP: 0/0
  5984 | D:4      | Learned a level 2 spell: Call Imp
  6158 | D:4      | Found an iron altar of Okawaru.
  6159 | D:4      | Identified the +0 robe "Quaseq" {rPois Dex+4}
  6198 | D:4      | Noticed a phantom
  6208 | D:4      | Noticed VictoriousLee's ghost (novice FoHu)
  6294 | D:4      | Found a transporter.
  6745 | D:4      | Reached XP level 6. HP: 37/40 MP: 0/0
  7107 | D:4      | Found a transporter.
  7358 | D:4      | Found a sparkling altar of Nemelex Xobeh.
  7440 | D:5      | Entered Level 5 of the Dungeon
  7854 | D:5      | Noticed an ice beast
  7859 | D:5      | Killed an ice beast
  7860 | D:5      | Reached skill level 1 in Armour
  7863 | D:5      | Noticed Duvessa
  7872 | D:5      | Killed Duvessa
  7872 | D:5      | Noticed Dowan
  7873 | D:5      | Reached skill level 5 in Spellcasting
  7873 | D:5      | Reached XP level 7. HP: 27/45 MP: 0/0
  7873 | D:5      | Learned a level 3 spell: Summon Guardian Golem
  7882 | D:5      | Killed Dowan
  8325 | D:5      | Noticed Blork the orc
  8331 | D:5      | Killed Blork the orc
  8593 | D:5      | Noticed Prince Ribbit
  8600 | D:5      | Killed Prince Ribbit
  8601 | D:5      | Reached skill level 6 in Spellcasting
  8601 | D:5      | Reached XP level 8. HP: 39/50 MP: 0/0
  9511 | D:6      | Found a staircase to the Ecumenical Temple.
  9517 | Temple   | Entered the Ecumenical Temple
  9517 | Temple   | Found a transporter.
  9517 | Temple   | Found a transporter.
  9519 | Temple   | Found a transporter.
  9519 | Temple   | Found a transporter.
  9535 | Temple   | Became a worshipper of Gozag Ym Sagoz the Greedy
  9617 | D:6      | Reached skill level 7 in Spellcasting
 10160 | D:6      | Reached skill level 1 in Shields
 10630 | D:6      | Found a burning altar of Makhleb.
 10675 | D:6      | Noticed Grinder
 10679 | D:6      | Killed Grinder
 10680 | D:6      | Reached XP level 9. HP: 43/55 MP: 0/0
 10680 | D:6      | Learned a level 4 spell: Iskenderun's Mystic Blast
 12097 | D:7      | Found Kickeuq's Assorted Antiques.
 12109 | D:7      | Bought a scroll labelled OWUGOCLAWY for 20 gold pieces
 12124 | D:7      | Noticed a +0 hand axe
 12124 | D:7      | Noticed a +0 hand axe
 12187 | D:7      | Found a hide-covered altar of Uskayaw.
 12408 | D:7      | Found Xuanka Febba's Magic Scroll Emporium.
 12418 | D:7      | Bought a scroll of teleportation for 42 gold pieces
 12418 | D:7      | Bought a scroll of identify for 28 gold pieces
 12418 | D:7      | Bought a scroll of blinking for 105 gold pieces
 12418 | D:7      | Bought a scroll of identify for 28 gold pieces
 12424 | D:7      | Bought a scroll of enchant weapon for 105 gold pieces
 12424 | D:7      | Bought a scroll of fog for 56 gold pieces
 12474 | D:7      | Reached skill level 8 in Spellcasting
 12598 | D:7      | Found Aruvul's Assorted Antiques.
 12618 | D:7      | Bought a ruby potion for 24 gold pieces
 13045 | D:7      | Found a snail-covered altar of Cheibriados.
 13316 | D:7      | Found Liunovaske's Weapon Emporium.
 13602 | D:7      | Bought a scroll of blinking for 105 gold pieces
 14502 | D:8      | Found a large runed translucent door.
 14502 | D:8      | Found a large runed translucent door.
 14542 | D:8      | Noticed a cyclops
 14552 | D:8      | Killed a cyclops
 14553 | D:8      | Reached skill level 9 in Spellcasting
 14553 | D:8      | Reached XP level 10. HP: 15/60 MP: 0/0
 14858 | D:8      | Noticed a red ugly thing
 14858 | D:8      | Noticed a cyan ugly thing
 14865 | D:8      | Found a large runed translucent door.
 14865 | D:8      | Found a large runed translucent door.
 15529 | D:8      | Found a stormy altar of Qazlal.
 15832 | D:8      | Found a bloodstained altar of Trog.
 16071 | D:8      | Noticed a purple ugly thing
 16085 | D:8      | Killed a purple ugly thing
 16086 | D:8      | Reached skill level 5 in Shields
 16086 | D:8      | Reached skill level 10 in Spellcasting
 16338 | D:8      | Identified the +8 plate armour "Gegerept" {rPois MP-9
                  | Int+3}
 16841 | D:8      | Killed a cyan ugly thing
 16870 | D:8      | Killed a red ugly thing
 16871 | D:8      | Reached XP level 11. HP: 27/65 MP: 0/0
 16871 | D:8      | Learned a level 4 spell: Corpse Rot
 17347 | D:9      | Found a sacrificial altar of Ru.
 17626 | D:9      | Found a shadowy altar of Dithmenos.
 17672 | D:9      | Reached skill level 11 in Spellcasting
 17887 | D:9      | Reached skill level 1 in Evocations
 18688 | D:9      | Found Ilec's Distillery.
 18695 | D:9      | Bought a potion of invisibility for 104 gold pieces
 18695 | D:9      | Bought 2 potions of curing for 78 gold pieces
 18695 | D:9      | Bought a potion of ambrosia for 104 gold pieces
 18695 | D:9      | Bought a potion of mutation for 104 gold pieces
 18695 | D:9      | Bought a potion of heal wounds for 65 gold pieces
 18695 | D:9      | Bought a potion of haste for 130 gold pieces
 18781 | D:10     | Entered Level 10 of the Dungeon
 18812 | D:10     | Found a glowing golden altar of the Shining One.
 18884 | D:10     | Found a staircase to the Orcish Mines.
 19033 | D:10     | Noticed a two-headed ogre
 19038 | D:10     | Killed a two-headed ogre
 19216 | D:10     | Found a staircase to the Lair.
 20427 | D:10     | Found a portal to a secret trove of treasure.
 20652 | D:10     | Found a runed translucent door.
 20806 | D:10     | Found a basalt altar of Yredelemnul.
 21059 | Lair:1   | Entered Level 1 of the Lair of Beasts
 21214 | Lair:1   | Reached skill level 12 in Spellcasting
 21558 | Lair:1   | Noticed an elephant
 21560 | Lair:1   | Noticed an elephant
 21560 | Lair:1   | Noticed a boulder beetle
 21562 | Lair:1   | Noticed an elephant
 21562 | Lair:1   | Noticed an elephant
 21566 | Lair:1   | Noticed an elephant
 21600 | Lair:1   | Noticed an elephant
 21601 | Lair:1   | Killed an elephant
 21602 | Lair:1   | Reached XP level 12. HP: 30/71 MP: 0/0
 21612 | Lair:1   | Killed a boulder beetle
 22271 | Lair:1   | Noticed a five-headed hydra
 22275 | Lair:1   | Reached skill level 13 in Spellcasting
 22571 | Lair:1   | Killed a five-headed hydra
 23101 | Lair:1   | Noticed a catoblepas
 23133 | Lair:1   | Killed a catoblepas
 23724 | Lair:2   | Reached skill level 5 in Evocations
 23882 | Lair:2   | Noticed Fannar
 24256 | Lair:2   | Demolished by Fannar

Illustrated notes

Levels and vault maps discovered:
D:1:      nagdon_arrival_double_spiral, layout_rooms, hangedman_glass_teeth,
          corexii_leaking_fountain, hex_tiny, roderic_st_hans_cross
D:2:      layout_basic, serial_shops, shop, wad_floor_pattern_1
D:3:      layout_basic, mainiacjoe_overflow_catch_the_wave
D:4:      layout_cave_pools, okawaru_metal_pillars_1_2,
          gammafunk_temple_overflow_wave, gammafunk_ghost_arena
D:5:      layout_cave_pods, uniq_blork_the_orc, uniq_duvessa,
          uniq_prince_ribbit1
D:6:      layout_basic, mainiacjoe_overflow_alcove_1, minmay_temple_entry_hall,
          serial_aquarium, aquarium_bridge_long_separate
          [aquarium_subvault_balcony, aquarium_subvault_bridge,
          aquarium_subvault_bridge, aquarium_subvault_bridge,
          aquarium_subvault_wall, aquarium_subvault_balcony],
          aquarium_window_corner, aquarium_window_corridor_3, aquarium_view_2c,
          aquarium_view_2b, aquarium_pool_side, uniq_grinder
D:7:      layout_loops_corners, mainiacjoe_overflow_alcove_2,
          dancing_weapons_uskayaw, serial_shops, nicolae_stop_n_shop_1, shop,
          nicolae_shop_bloodbath_and_beyond, shop, serial_glass,
          glass_columns_c, glass_columns_a, glass_columns_a, glass_columns_a,
          grunt_ministairs_3
D:8:      layout_loops_corners, lemuel_coloured_pillars_altar,
          kennysheep_mini_moat, hangedman_decor_clover_reticule,
          minmay_hollow_rounded_squares
D:9:      layout_irregular_city, nicolae_ru_sacrificial_ziggurat,
          general_overflow_altar, serial_shops, nicolae_lakefront_shop,
          amcnicky_mini_rare_corridor_liquid
D:10:     layout_roguey, vehumet_crystals, dk_yredelemnul_ordeal, tso_altar,
          erik_lair_orcish_takeover, enter_trove_0
Temple:   hellmonk_temple_divided_pantheon
Lair:1:   beast_lair_carwin_large_1, layout_cellular_growth,
          nicolae_lair_grazing_beasts [nicolae_sub_lair_graze_edge,
          nicolae_sub_lair_graze_edge, nicolae_sub_lair_graze_edge,
          nicolae_sub_lair_graze_edge]
Lair:2:   layout_chaotic_city, guppyfry_snake_entry_garden, uniq_fannar

Skill      XL: |  1  2  3  4  5  6  7  8  9 10 11 12 |
---------------+-------------------------------------+-----
Spellcasting   | 3 4 5 6 7 9 10 12 13 | 13.4
Stealth        | 2 3 4 |  4.6
Armour         | 1 2 3 4 |  4.8
Shields        | 2 4 5 |  5.9
Evocations     | 3 5 |  5.3
Dodging        | 3 |  3.6
Fighting       | |  0.8
Polearms       | |  0.5

Action                   |  1- 3 |  4- 6 |  7- 9 | 10-12 || total
-------------------------+-------+-------+-------+-------++-------
Melee: Trident           |       |       |     2 |     8 ||    10
 Cast: Foxfire           |    66 |    91 |   112 |   171 ||   440
       Scorch            |     7 |    19 |    49 |    82 ||   157
       Inner Flame       |       |     3 |    23 |    83 ||   109
       Call Imp          |       |       |     4 |    22 ||    26
       Summon Guardian G |       |       |     2 |    24 ||    26
       Iskenderun's Myst |       |       |     1 |     8 ||     9
       Conjure Flame     |       |       |       |     1 ||     1
Evoke: Wand              |       |       |     3 |     2 ||     5
       Lightning rod     |       |       |       |     1 ||     1
  Use: Scroll            |     2 |     3 |     4 |     8 ||    17
       Potion            |       |       |     1 |    10 ||    11
 Stab: Distracted        |       |       |       |     1 ||     1
Armor: Robe              |     1 |       |     9 |    14 ||    24
Dodge: Dodged            |     5 |     5 |     6 |    19 ||    35
Block: Kite shield       |       |       |    11 |    45 ||    56
       Reflection        |       |       |       |     1 ||     1
